Unix NetHack Version 5.0.0-0 post-release - last build May 23 2026 06:08:33 (1c0ff79ee797540d5714e4e18072db0edd9e58ae,branch:main).

Game began 2026-05-26 13:08:48, ended 2026-05-26 13:15:05.

Drastanta, lawful male human Samurai

                                                           .G.
                                                           d@-
                                                           ..--
                                                          ..).|
                                                          ...--
                                                        ....--          ----
                                                        ....|           |..|
                                                        ...--------------<.--
                                                        .)...*..............|
                                                        ..-------------------

Drastanta the Ronin    St:16 Dx:13 Co:18 In:9 Wi:10 Ch:9  Lawful
Dlvl:4  $:49 HP:0(33) Pw:13(13) AC:4  Xp:3 T:962 

Latest messages:
 You kill the kobold!
 m - a gunyoki (2 in total).
 t - a cloudy potion.
 You see here 16 gold pieces.
 $ - 16 gold pieces (49 in total).
 You feel your magical energy drain away!
 Where do you want to travel to?
 (For instructions type a '?')
 Move cursor to the desired destination:
 You miss the lichen.
 You kill the lichen!
 You see here a lichen corpse.
 Hachi picks up a dart.
 There is a lichen corpse here; eat it? [ynq] (n) y
 This lichen corpse tastes okay.
 Hachi drops a dart.
 You finish eating the lichen corpse.
 Where do you want to travel to?
 (For instructions type a '?')
 You can't go up here.
 You descend the stairs.
 You hit the gnome.
 You kill the gnome!
 You see here a blue gem.
 You see here a blue gem.
 You kill the gnome!
 Welcome to experience level 3.
 You see here an aklys.
 Hachi bites it.
 It hits Hachi.
 You are hit by a dagger.
 The gnome lord wields 3 daggers!
 You hit the gnome lord.
 The gnome lord thrusts one of his daggers.
 The gnome lord hits!
 You hit the gnome lord!
 The gnome lord thrusts one of his daggers.
 The gnome lord hits!
 You hit the gnome lord!
 The gnome lord thrusts one of his daggers.
 The gnome lord hits!
 You hit the gnome lord.
 The gnome lord thrusts one of his daggers.
 The gnome lord hits!
 You die...
 Do you want your possessions identified? [ynq] (y) n
 Do you want to see your attributes? [ynq] (y) n
 Do you want an account of creatures vanquished? [ynaq] (y) n
 Do you want to see your conduct and achievements? [ynq] (y) n
 Do you want to see the dungeon overview? [ynq] (y) n

Inventory:
 Coins    ('$')
  $ - 49 gold pieces
 Weapons  (')')
  d - 28 +0 ya (in quiver)
  c - a +0 yumi (alternate weapon; not wielded)
  a - a +0 katana (weapon in right hand)
  b - a +0 wakizashi
 Armor    ('[')
  n - a cursed -5 pair of levitation boots
  q - an uncursed +1 oilskin cloak
  e - an uncursed rustproof +0 splint mail (being worn)
 Comestibles  ('%')
  m - 2 uncursed gunyoki
  i - an uncursed lichen corpse
 Scrolls  ('?')
  l - an uncursed scroll of create monster
  p - a blessed scroll of light
  k - an uncursed scroll of punishment
  o - an uncursed scroll of scare monster
 Spellbooks  ('+')
  g - an uncursed spellbook of blank paper
  j - an uncursed spellbook of jumping
  h - a blessed spellbook of knock
 Potions  ('!')
  t - an uncursed potion of levitation
  s - an uncursed potion of oil
 Tools    ('(')
  f - an uncursed blindfold
  r - an uncursed tin whistle

Drastanta the Samurai's attributes:

Background:
 You were a Ronin, a level 3 male human Samurai.
 You were lawful, on a mission for Amaterasu Omikami
 who was opposed by Raijin (neutral) and Susanowo (chaotic).
 You were right-handed.
 You were in the Gnomish Mines, on level 4.
 You entered the dungeon 962 turns ago.
 You had 44 experience points, 36 more were needed to attain level 4.

Basics:
 You had 0 out of 33 hit points.
 You had all 13 energy points (spell power).
 Your armor class was 4.
 Your wallet contained 49 zorkmids.
 Autopickup was off.

Final Characteristics:
 Your strength was 16 (limit:18/100).
 Your dexterity was 13 (limit:18).
 Your constitution was 18 (limit:18).
 Your intelligence was 9 (limit:18).
 Your wisdom was 10 (limit:18).
 Your charisma was 9 (limit:18).

Final Status:
 You weren't hungry.
 You were unencumbered.
 You were wielding a long sword.
 You had basic skill with long sword.

Final Attributes:
 You were devoutly aligned.
 You were warded.
 You were fast.
 You are dead.

Miscellaneous:
 You didn't encounter any bones levels.
 Total elapsed playing time was 6 minutes and 17 seconds.

Major events:
 Turn
    1: Drastanta the lawful male human Samurai entered the dungeon
  616: entered the Gnomish Mines
  948: attained the rank of Ronin (level 3)
  962: killed by a gnome lord

You didn't know any spells.

Skills:
 Fighting Skills
   martial arts      [Basic]
   two weapon combat [Unskilled]
   riding            [Unskilled]
 Weapon Skills
   dagger            [Unskilled]
   knife             [Unskilled]
   short sword       [Basic]
   broadsword        [Unskilled]
   long sword        [Basic]
   two-handed sword  [Unskilled]
   saber             [Unskilled]
   flail             [Unskilled]
   quarterstaff      [Unskilled]
   polearms          [Unskilled]
   spear             [Unskilled]
   lance             [Unskilled]
   bow               [Basic]
   shuriken          [Unskilled]
 Spellcasting Skills
   attack spells     [Unskilled]
   divination spells [Unskilled]
   clerical spells   [Unskilled]

Voluntary challenges:
 Character rerolling was not enabled.
 You followed a strict vegan diet.
 You were an atheist.
 You were illiterate.
 You never genocided any monsters.
 You never polymorphed an object.
 You never changed form.
 You used no wishes.
Achievements:
 You entered the Gnomish Mines.
 You attained the rank of Ronin.

 The Dungeons of Doom: levels 1 to 3
    Level 1:
       Many fountains.
    Level 2:
    Level 3:
       Some fountains.
       Stairs down to The Gnomish Mines.
 The Gnomish Mines:
    Level 4: <- You were here.
       Final resting place for
          you, killed by a gnome lord.


Vanquished creatures:
  3 gnomes
  a jackal
  a fox
  a kobold
  6 grid bugs
  3 lichens
  a newt
16 creatures vanquished.

No species were genocided or became extinct.

Game over:
                       ----------
                      /          \
                     /    REST    \
                    /      IN      \
                   /     PEACE      \
                  /                  \
                  |    Drastanta     |
                  |      49 Au       |
                  |   killed by a    |
                  |    gnome lord    |
                  |                  |
                  |                  |
                  |       2026       |
                 *|     *  *  *      | *
        _________)/\\_//(\/(/\)/\//\/|_)_______

Sayonara Drastanta the Samurai...

You died in The Gnomish Mines on dungeon level 4 with 371 points,
and 49 pieces of gold, after 962 moves.
You were level 3 with a maximum of 33 hit points when you died.

